 Dungeon Sprint DCSS version 0.22.1-1-ga44c0e56f4 (webtiles) character file.

190 MuseOD the Covert (level 5, 0/29 HPs)
             Began as a Spriggan Enchanter on Oct 1, 2018.
             Slain by a necromancer
             ... wielding a +0 dagger
              (5 damage)
             ... in the Dungeon (Sprint III: "The Ten Rune Challenge").
             The game lasted 00:01:59 (946 turns).

MuseOD the Covert (Spriggan Enchanter)               Turns: 946, Time: 00:02:00

Health: 0/29       AC:  4    Str:  2    XL:     5   Next: 41%
Magic:  2/12       EV: 18    Int: 18    God:
Gold:   49         SH:  0    Dex: 16    Spells: 6/12 levels left

rFire    . . .     SeeInvis +   a - +1 dagger
rCold    . . .     Gourm    .   (shield restricted)
rNeg     . . .     Faith    .   b - +0 robe
rPois    .         Spirit   .   (helmet restricted)
rElec    .         Reflect  .   (no cloak)
rCorr    .         Harm     .   (gloves unavailable)
MR       .....     NoTele   +   (boots unavailable)
Stlth    ++++......             (no amulet)
HPRegen  0.09/turn              (no ring)
MPRegen  0.13/turn              (no ring)

@: very quick
A: very small, unfitting armour, slimy green scales 1, see invisible, herbivore,
speed 3, slow metabolism 2, weak 1
a: no special abilities


You were in the Dungeon.
You were not hungry.

You visited 1 branch You collected 49 gold pieces.

Inventory:

Hand Weapons
 a - a +1 dagger (weapon)
Armour
 b - a +0 robe (worn)
Scrolls
 c - 5 scrolls of identify
 j - a scroll of blinking
 l - 2 scrolls of torment {unknown}
 m - a scroll of magic mapping {unknown}
Potions
 e - 2 potions of curing
 f - a potion of heal wounds
 g - a potion of haste
 h - 2 potions of magic
 i - a potion of berserk rage
 n - 2 potions of flight {unknown}
 o - a potion of brilliance {unknown}
Comestibles
 d - 3 rations


   Skills:
 + Level 4.1 Fighting
 * Level 8.3 Short Blades
 - Level 3.0 Dodging
 + Level 9.3 Stealth
 + Level 4.0 Spellcasting
 + Level 4.7 Hexes


You had 6 spell levels left.
You knew the following spells:

 Your Spells              Type           Power        Failure   Level  Hunger
a - Corona                Hex            ###....      1%          1    None
b - Ensorcelled Hibernat  Hex/Ice        ##....       9%          2    ##.....
c - Confuse               Hex            ###.....     6%          3    ###....

Your spell library contained the following spells:

 Spells                   Type           Power        Failure   Level  Hunger
 Tukima's Dance           Hex            ###.....     6%          3    ###....
 Dazzling Spray           Conj/Hex       ##....       17%         3    ###....


Dungeon Overview and Level Annotations

Branches:
Dungeon (1/1)

Altars:
Dithmenos
Ru
Yredelemnul


Innate Abilities, Weirdness & Mutations

You are very small and have problems with some larger weapons.
You are too small for most types of armour.
You have supernaturally acute eyesight. (SInv)
You are a herbivore.
You cover ground extremely quickly.
You need to consume almost no food.
You are partially covered in slimy green scales. (AC +2)
You are weak. (Str -2)


Message History

You now have 49 gold pieces (gained 13).
There are no items here.
You close the door.
There is a basalt altar of Yredelemnul here.
A necromancer opens the door.
You close the door.
A necromancer opens the door.
Okay, then.
You aren't carrying any items that you can evoke.
Unknown command.
Press < or > to pray at altars.
It was a potion of mutation.
You feel extremely strange.
You feel the urge to shout.
You feel clever. The necromancer barely misses you.
You feel extremely strange.
You feel stupid.
Your urge to shout disappears.
You feel less energetic.
You feel weaker.
Slimy green scales grow over part of your body.
You feel more energetic. The necromancer hits you with a dagger.
You die...

▓▓▓ ##.# ####
####..# #__#
#..#..# #.@#
#..#..###+#+###p##
##'#..#...p....†.#
###...'.⌠........#
###...#...######+#
##....#.⌠.#
#.....#...#
..†...#+###
#.....#


You could see a necromancer.

Vanquished Creatures
  A necrophage (D)
  A water elemental (D)
  Jessica (D)
  A human (D)
  An ooze (D)
  A phantom (D)
  A rat (D)
7 creatures vanquished.

Vanquished Creatures (others)
  2 draconian scorchers (D)
  2 yaktaurs (D)
  6 hellions (D)
  4 plants (D)
14 creatures vanquished.

Grand Total: 21 creatures vanquished

Notes
Turn   | Place    | Note
-------+----------+-------------------------------------------
     0 | D        | MuseOD the Spriggan Enchanter began the quest for the Orb.
     0 | D        | Reached XP level 1. HP: 9/9 MP: 5/5
    24 | D        | Reached skill level 1 in Fighting
    24 | D        | Reached skill level 5 in Stealth
    97 | D        | Killed a hellion
    97 | D        | Killed a hellion
    98 | D        | Killed a hellion
   112 | D        | Killed a yaktaur
   136 | D        | Killed a hellion
   157 | D        | Killed a hellion
   177 | D        | Killed a white draconian scorcher
   220 | D        | Killed a hellion
   279 | D        | Killed a white draconian scorcher
   305 | D        | Noticed Jessica
   417 | D        | Killed a yaktaur
   472 | D        | Killed Jessica
   472 | D        | Reached skill level 6 in Stealth
   472 | D        | Reached XP level 2. HP: 8/15 MP: 3/6
   472 | D        | Reached XP level 3. HP: 10/18 MP: 4/8
   583 | D        | Learned a level 2 spell: Ensorcelled Hibernation
   587 | D        | Learned a level 3 spell: Confuse
   731 | D        | Reached skill level 5 in Short Blades
   731 | D        | Reached skill level 7 in Stealth
   797 | D        | Noticed a water elemental
   800 | D        | Killed a water elemental
   800 | D        | Reached skill level 8 in Stealth
   800 | D        | Reached XP level 4. HP: 24/24 MP: 9/9
   808 | D        | Found a basalt altar of Yredelemnul.
   808 | D        | Found a shadowy altar of Dithmenos.
   808 | D        | Found a sacrificial altar of Ru.
   808 | D        | Noticed a necrophage
   811 | D        | Killed a necrophage
   811 | D        | Reached skill level 9 in Stealth
   811 | D        | Reached XP level 5. HP: 29/29 MP: 6/12
   945 | D        | Gained mutation: You occasionally shout uncontrollably at
                  | your foes. [potion of mutation]
   945 | D        | Gained mutation: Your mind is acute. (Int +2) [potion of
                  | mutation]
   946 | D        | Lost mutation: Your mind is acute. (Int +2) [potion of
                  | mutation]
   946 | D        | Lost mutation: You occasionally shout uncontrollably at
                  | your foes. [potion of mutation]
   946 | D        | Gained mutation: Your magical capacity is low. (-10% MP)
                  | [potion of mutation]
   946 | D        | Gained mutation: You are weak. (Str -2) [potion of
                  | mutation]
   946 | D        | Gained mutation: You are partially covered in slimy green
                  | scales. (AC +2) [potion of mutation]
   946 | D        | Lost mutation: Your magical capacity is low. (-10% MP)
                  | [potion of mutation]
   946 | D        | Slain by a necromancer

Skill      XL: |  1  2  3  4 |
---------------+-------------+-----
Fighting       | 2 3 4 |  4.1
Short Blades   | 4 7 8 |  8.3
Stealth        | 6 8 9 |  9.3
Spellcasting   | 4 |  4.0
Hexes          | 4 |  4.7
Dodging        | |  3.0

Action                   |  1- 3 |  4- 6 || total
-------------------------+-------+-------++-------
Melee: Dagger            |    47 |     2 ||    49
 Cast: Corona            |     3 |       ||     3
       Confuse           |     2 |     7 ||     9
       Ensorcelled Hiber |       |     1 ||     1
  Use: Potion            |       |     2 ||     2
 Stab: Confused          |     3 |     1 ||     4
       Sleeping          |     1 |       ||     1
Armor: Robe              |     1 |     1 ||     2
Dodge: Dodged            |    26 |     5 ||    31
